 Dungeon Crawl Stone Soup version 0.27-a0-223-ge082b6e869 (webtiles) character file.

Game seed: 17332726982998350105

113 sahdkjhfkaj the Magician (level 4, 0/24 HPs)
             Began as a Deep Elf Hedge Wizard on Feb 1, 2021.
             Slain by a gnoll (6 damage)
             ... on level 2 of the Dungeon.
             The game lasted 00:03:02 (2694 turns).

sahdkjhfkaj the Magician (Deep Elf Hedge Wizard)    Turns: 2694, Time: 00:03:02

Health: 0/24       AC:  4    Str:  7    XL:     4   Next: 65%
Magic:  10/15      EV: 13    Int: 20    God:
Gold:   165        SH:  0    Dex: 14    Spells: 15/18 levels left

rFire    . . .     SeeInvis .   a - +4 dagger
rCold    + . .     Faith    .   (no shield)
rNeg     . . .     Spirit   .   f - +2 robe {rC+}
rPois    .         Reflect  .   e - -2 helmet (curse)
rElec    .         Harm     .   b - +0 cloak
rCorr    .         Rampage  .   (no gloves)
Will     .....                  (no boots)
Stlth    ++........             (no amulet)
HPRegen  0.08/turn              (no ring)
MPRegen  0.14/turn              (no ring)

@: no status effects
A: no striking features
a: no special abilities


You were on level 2 of the Dungeon.
You visited 1 branch of the dungeon, and saw 3 of its levels.

You collected 165 gold pieces.

Inventory:

Hand Weapons
 a - a +4 dagger (weapon)
   (You took it off an orc priest on level 3 of the Dungeon)
Armour
 b - a +0 cloak (worn)
   (You found it on level 1 of the Dungeon)
 c - a +0 hat
 e - a cursed -2 helmet (worn)
   (You found it on level 2 of the Dungeon)
 f - a +2 robe of cold resistance (worn)
   (You found it on level 1 of the Dungeon)
Jewellery
 l - an uncursed ring of ice
   (You found it on level 2 of the Dungeon)
Scrolls
 g - 3 scrolls of amnesia
 h - a scroll of teleportation {@r4}
 k - a scroll of enchant armour
Potions
 d - 2 potions of haste {unknown}
 i - a potion of resistance {unknown}


   Skills:
 - Level 2.4 Dodging
 - Level 2.4 Stealth
 + Level 7.5 Spellcasting
 - Level 1.1 Conjurations
 - Level 1.1 Summonings
 - Level 1.1 Translocations


You had 15 spell levels left.
You knew the following spells:

 Your Spells              Type           Power        Failure   Level
a - Magic Dart            Conj           44%          6%          1
b - Blink                 Tloc           N/A          9%          2

Your spell library contained the following spells:

 Spells                   Type           Power        Failure   Level
 Call Imp                 Summ           11%          9%          2
 Slow                     Hex            7%           14%         2
 Conjure Flame            Conj/Fire      9%           22%         3
 Mephitic Cloud           Conj/Pois/Air  8%           24%         3


Dungeon Overview and Level Annotations

Branches:
Dungeon (3/15)

Altars:


Message History

You feel sick.
You are no longer poisoned.
Key pressed, stopping explore.
Unknown command.
Done exploring.
You climb downwards.
The orc throws a poisoned dart.
The poisoned dart barely misses you.
There is a stone staircase leading up here.
The magic dart hits the orc.
The orc throws a poisoned dart.
The poisoned dart misses you.
The magic dart hits the orc but does no damage.
The magic dart hits the orc.
The magic dart hits the orc.
The magic dart hits the orc.
The gnoll hits you. The orc hits you but does no damage.
The magic dart hits the orc but does no damage.
The gnoll hits you. The orc hits you with a +0 club.
The magic dart hits the orc but does no damage.
The gnoll barely misses you. The orc hits you but does no damage.
The magic dart hits the orc but does no damage.
The gnoll barely misses you.
The magic dart hits the orc but does no damage.
The gnoll closely misses you. The orc closely misses you.
Unknown command.
The magic dart hits the orc but does no damage.
The gnoll barely misses you. The orc closely misses you.
Unknown command.
The magic dart hits the orc but does no damage.
The gnoll hits you.
* * * LOW HITPOINT WARNING * * *
The orc hits you but does no damage.
You are too injured to fight recklessly!
Unknown command.
You are too injured to fight recklessly!
Unknown command.
You are too injured to fight recklessly!
The gnoll barely misses you. The orc hits you with a +0 club.
* * * LOW HITPOINT WARNING * * *
You climb upwards.
There is a stone staircase leading down here.
Unknown command.
Unknown command.
Unknown command.
The orc hits you but does no damage.
Unknown command.
The gnoll hits you but does no damage.
You see here 19 stones.
There is a stone staircase leading up here.
The gnoll hits you.
You die...

..#.#
#........######.###.##
....# ###.#########
#.o...# ..#.# #.#
##.#######.# ..#.# #.#
###.#..(.....# #...#
#.####....#########
..#.# #.##.....##
..(.### #.##.###.#
......#######....# #.#
.####........###@###.#
...##..#####.# #.go<.#
.#........##.# #######
(####..##.##.#
.............#
.#####.......#
....##....##.#
....##....##.#
....##...###.#


You could see a gnoll and an orc.

Vanquished Creatures
  An orc priest (D:3)
  Terence (D:2)
  2 adders (D:2)
  A leopard gecko (D:1)
  An orc (D:3)
  A ball python (D:3)
  A giant cockroach (D:2)
  6 goblins
  4 hobgoblins
  3 jackals (D:2)
  5 bats
  3 frilled lizards (D:2)
  5 kobolds
  6 rats
40 creatures vanquished.

Notes
Turn   | Place    | Note
-------+----------+-------------------------------------------
     0 | D:1      | sahdkjhfkaj the Deep Elf Hedge Wizard began the quest for
                  | the Orb.
     0 | D:1      | Reached XP level 1. HP: 10/10 MP: 7/7
   207 | D:1      | Reached skill level 5 in Spellcasting
   236 | D:1      | Reached XP level 2. HP: 15/15 MP: 3/10
   352 | D:1      | Learned a level 2 spell: Blink
  1343 | D:2      | Reached skill level 6 in Spellcasting
  1343 | D:2      | Reached XP level 3. HP: 18/19 MP: 3/12
  1646 | D:2      | Noticed Terence
  1669 | D:2      | Killed Terence
  1670 | D:2      | Reached XP level 4. HP: 13/24 MP: 1/14
  2042 | D:3      | Reached skill level 7 in Spellcasting
  2694 | D:2      | Slain by a gnoll

Illustrated notes

Levels and vault maps discovered:
D:1:      matt_arrival_refuge, layout_basic, minivault_5,
          hangedman_decor_slide_cut
D:2:      layout_loops_cross, uniq_terence
D:3:      minmay_recursive_quarters, layout_loops_ring

Skill      XL: |  1  2  3  4 |
---------------+-------------+-----
Spellcasting   | 5 6 7 |  7.5
Dodging        | |  2.4
Stealth        | |  2.4
Conjurations   | |  1.1
Summonings     | |  1.1
Translocations | |  1.1

Action                   |  1- 3 |  4- 6 || total
-------------------------+-------+-------++-------
Melee: Dagger            |    13 |     3 ||    16
 Cast: Magic Dart        |    87 |    41 ||   128
  Use: Scroll            |     3 |     3 ||     6
Armor: Robe              |    14 |     7 ||    21
Dodge: Dodged            |    34 |    13 ||    47

Table legend: (Time is in decaauts)
 A = Elapsed time spent in this place.
 B = Non-inter-level travel time spent in this place.
 C = Inter-level travel time spent in this place.
 D = Time resting spent in this place.
 E = Time spent auto-exploring this place.
 F = Levels seen in this place.
 G = Mean time per level.
                   A        B        C        D        E       F      G
               +--------+--------+--------+--------+--------+-----+--------+
         Total |   2692 |   2667 |     25 |    113 |   2205 |   3 |  897.3 |
       Dungeon |   2692 |   2667 |     25 |    113 |   2205 |   3 |  897.3 |
               +--------+--------+--------+--------+--------+-----+--------+

Top non-repeatable levels by time:
     D:2: 1464 daAuts
     D:1: 852 daAuts
     D:3: 375 daAuts
